AoeStats
← Chris

Pilgrims

507378404Analyzed
4v4 RM · 14d ago on Sep 18, 2026· 23m 18s· 8 players
Game mode
Random Map
Map size
Large (8 player)
Population
200
Speed
Normal
Resources
Standard
Victory
Conquest
Starting age
Dark Age
Ending age
Imperial Age
RankedLock teamsTeams togetherTeam positionsShared explorationLock speedFull tech treeHidden civsTurbo modeCheats
Victory
Defeat
🇲🇽 Tatars · Mexico
1312
+16
1288
+17
🇺🇸 Persians · United States
1275
+18
🇨🇴 Huns · Colombia
1260
+18
🇫🇷 Georgians · France
1419
-21
🇫🇷 Dravidians · France
1347
-19
🇫🇷 Vietnamese · France
1297
-17
🇨🇭 Mongols · Switzerland
1184
-12
Chris
4:11 Loom
PrimordiaL_
5:31 Loom
12:33 Feudal Age
13:03 Double-Bit Axe
13:23 Fishing Lines
17:05 Castle Age
15:11 Scale Barding Armor
15:09 Gold Mining
17:05 Forging
17:55 Bloodlines
18:20 Chain Barding Armor
18:13 Husbandry
Niccals_
8:01 Loom
10:29 Feudal Age
16:44 Castle Age
17:55 Fervor
Si me criticas te fedeo
12:07 Loom
16:23 Feudal Age
17:05 Town Watch
17:55 Wheelbarrow
17:07 Double-Bit Axe
18:26 Fishing Lines
21:48 Castle Age
20:06 Stone Mining
22:45 Scale Barding Armor
22:42 Gillnets
Yarcla
2:57 Loom
16:26 Feudal Age
17:58 Man-at-Arms
20:20 Double-Bit Axe
20:28 Gold Mining
Superbrasseur
7:55 Loom
12:53 Feudal Age
13:35 Fishing Lines
16:31 Wheelbarrow
15:42 Double-Bit Axe
15:53 Gold Mining
15:57 Stone Mining
21:32 Town Watch
baug
10:47 Loom
13:29 Feudal Age
17:20 Castle Age
Bokaa
10:48 Loom
13:32 Feudal Age
14:33 Double-Bit Axe
17:21 Bloodlines
17:01 Horse Collar
18:41 Forging
20:53 Scale Barding Armor
Connection lost

Rejoining the realm…

Still unreachable

The connection could not be restored.

Session expired

The server has moved on; the page needs a fresh start.